 Dungeon Sprint DCSS version 0.28.0-43-g3370ac3207 (webtiles) character file.

Game seed: 17003591322158842784

11407 Groucho the Ninja (level 11, 60/60 HPs)
             Began as a Felid Berserker on Mar 18, 2022.
             Was a High Priest of Trog.
             Got out of the dungeon alive.
             The game lasted 00:16:22 (4219 turns).

Groucho the Ninja (Felid Berserker)                 Turns: 4219, Time: 00:16:23

Health: 60/60      AC:  2    Str: 11    XL:     11   Next: 48%
Magic:  12/12      EV: 31    Int: 10    God:    Trog [*****.]
Gold:   1201       SH:  4    Dex: 17    Spells: 10/10 levels left
                                        Lives:  1   Deaths: 1

rFire   + . .      SeeInvis +     - Unarmed
rCold   + . .      Faith    .   (shield unavailable)
rNeg    . . .      Spirit   .   (armour unavailable)
rPois   .          Reflect  .   (helmet unavailable)
rElec   .          Harm     .   (cloak unavailable)
rCorr   .          Rampage  .   (gloves unavailable)
Will    +....      NoTele   +   (boots unavailable)
Stlth   ++++++++++              (no amulet)
HPRegen 0.20/turn               b - +4 ring of slaying
MPRegen 0.13/turn               p - ring of protection from fire

@: quick
A: very small, claws 1, fangs 3, see invisible, speed 1, shaggy fur 2, stealthy
paws, no weapons or thrown items, no armour, multi-lived, large bone plates 1,
clumsy 1, cold resistance 1, weak 1, subdued magic 1, inability to read while
threatened
a: Renounce Religion, Berserk, Trog's Hand, Brothers in Arms


You escaped.
You worshipped Trog.
Trog was extremely pleased with you.
You visited 1 branch You collected 2365 gold pieces.
You spent 1164 gold pieces at shops.

Inventory:

Jewellery
 b - a +4 ring of slaying (left paw)
 o - a ring of flight
 p - a ring of protection from fire (right paw)
 q - a ring of poison resistance
Wands
 f - a wand of flame (8)
 g - a wand of polymorph (5)
 i - a wand of charming (6)
 k - a wand of acid (7)
 l - a wand of iceblast (12)
Scrolls
 j - a scroll of identify {unknown}
 m - a scroll of amnesia {unknown}
 n - a scroll of magic mapping {unknown}
Potions
 a - 2 potions of curing
 c - a potion of haste
 d - 3 potions of magic
 e - 3 potions of berserk rage
 h - a potion of degeneration {unknown}
 r - 4 potions of mutation


   Skills:
 + Level 14.8 Fighting
 + Level 18.8 Dodging
 O Level 27 Stealth
 + Level 14.8 Unarmed Combat
 + Level 0.0 Evocations


You had 10 spell levels left.
You didn't know any spells.
Your spell library was empty.

Dungeon Overview and Level Annotations

Branches:
Dungeon (1/1)

Altars:
Cheibriados
Dithmenos
Elyvilon
Fedhas
Gozag
Hepliaklqana
Kikubaaqudgha
Makhleb
Nemelex Xobeh
Okawaru
Qazlal
Ru
Sif Muna
Trog
Uskayaw
Vehumet
Wu Jian
Xom
Yredelemnul
Zin
The Shining One
Jiyva
Lugonu

Shops:
D [!!(:=[(!(*(([(:[(?[(


Innate Abilities, Weirdness & Mutations

You have sharp claws.
You have razor-sharp teeth.
You have supernaturally acute eyesight. (SInv)
You cover ground quickly. (Speed+)
You are covered in thick fur. (AC +2)
Your paws help you pounce on unaware monsters.
You are incapable of wielding weapons or throwing items.
You cannot wear armour.
You gain extra lives every three experience levels.
You are partially covered in large bone plates. (SH +4)
You are clumsy. (Dex -2)
Your flesh is cold resistant. (rC+)
You are weak. (Str -2)
Your spells are a little easier to cast, but a little less powerful.
You sometimes lose the ability to read scrolls when taking damage.


Message History

There is an entrance to Zublul's Distillery here.
r - a potion of mutation;
r - 2 potions of mutation (gained 1)
r - 4 potions of mutation (gained 2) Thank you for shopping at Zublul's Distillery!
Okay, then.
You can't wear anything.
Unknown command.
Okay, then.
Okay, then.
There is a huge open gate here.
Okay, then.
There is a huge open gate here.
There is an open door here.
There is an open door here.
There is a shimmering blue altar of Sif Muna here.
You see here a +0 leather armour.
You see here 20 stones.
There is an open door here.
Okay, then.
There is an open door here.
Things that are here:
a +0 scythe; a +0 robe
There is an open door here.
You see here a +0 giant club.
There is an open door here.
There is an open door here.
Things that are here:
a +3 dagger of flaming; a +0 chain mail You can't go up here!
There is a staircase leading out of the dungeon here.
Are you sure you want to leave the Dungeon?
This will make you lose the game!
Alright, then stay!
Unknown command.
You can't go down here!
Unknown command.
You can't go down here!
Unknown command.
Unknown command.
Are you sure you want to leave the Dungeon?
This will make you lose the game!
You have escaped!

##################
#@.#..'..#.)'..#__
#..)..#.)'..#..'..
#..#####'#####'#__
#..####..#...#(###
#..#__####..##[#≈≈
#..#_____##'#_.'§§
#⌠⌠#_.∩...'..._#§≈
####_..__##§§#'##+
#_____###'#.#..


There were no monsters in sight!

Vanquished Creatures
  A fire giant (D)
  A lorocyproca (D)
  A hydra (D)
  2 centaur warriors (D)
  Sonja (D)
  A deep troll (D)
  A lindwurm (D)
  An oklob plant (D)
  8 shining eyes (D)
  7 unseen horrors (D)
  2 kobold demonologists (D)
  A demonic crawler (D)
  2 hornets (D)
  A slime creature (D)
  Sigmund (D)
  13 hogs (D)
  A yak (D)
  2 redbacks (D)
  7 floating eyes (D)
  7 necrophages (D)
  An ogre (D)
  8 jellies (D)
  Ijyb (D)
71 creatures vanquished.

Vanquished Creatures (collateral kills)
  2 fire giants (D)
  A gargoyle (D)
  3 demonic crawlers (D)
6 creatures vanquished.

Vanquished Creatures (others)
  A fire giant (D)
  2 merfolk sirens (D)
  A gargoyle (D)
  A hornet (D)
5 creatures vanquished.

Grand Total: 82 creatures vanquished

Notes
Turn   | Place    | Note
-------+----------+-------------------------------------------
     0 | D        | Groucho the Felid Berserker began the quest for the Orb.
     0 | D        | Reached XP level 1. HP: 10/10 MP: 2/2
     2 | D        | Noticed Ijyb
    15 | D        | Killed Ijyb
    16 | D        | Reached skill level 8 in Stealth
    16 | D        | Reached XP level 2. HP: 4/14 MP: 3/3
   606 | D        | Noticed an ogre
   608 | D        | Killed an ogre
   609 | D        | Reached skill level 12 in Stealth
   609 | D        | Reached XP level 3. HP: 17/17 MP: 4/4
   609 | D        | Reached XP level 4. HP: 21/21 MP: 5/5
   611 | D        | Noticed Sigmund
   613 | D        | Killed Sigmund
   613 | D        | Reached ** piety under Trog
   614 | D        | Reached skill level 16 in Stealth
   614 | D        | Reached XP level 5. HP: 24/24 MP: 6/6
   638 | D        | Found a shimmering blue altar of Sif Muna.
   639 | D        | Found an ornate altar of the Wu Jian Council.
   640 | D        | Found a radiant altar of Vehumet.
   645 | D        | Reached skill level 17 in Stealth
   645 | D        | Gained mutation: You are covered in thick fur. (AC +2)
                  | [Felid growth]
   645 | D        | Reached XP level 6. HP: 28/28 MP: 7/7
   653 | D        | Found Suloigum's Antique Weapon Emporium.
   653 | D        | Found an ancient bone altar of Kikubaaqudgha.
   653 | D        | Found a hazy altar of Hepliaklqana.
   653 | D        | Found a stormy altar of Qazlal.
   653 | D        | Found a hide-covered altar of Uskayaw.
   653 | D        | Found a blossoming altar of Fedhas.
   653 | D        | Found a bloodstained altar of Trog.
   653 | D        | Found an iron altar of Okawaru.
   653 | D        | Found a basalt altar of Yredelemnul.
   653 | D        | Found a glowing golden altar of the Shining One.
   653 | D        | Found a snail-covered altar of Cheibriados.
   653 | D        | Found a sacrificial altar of Ru.
   653 | D        | Found a glowing silver altar of Zin.
   653 | D        | Found a shadowy altar of Dithmenos.
   653 | D        | Found a white marble altar of Elyvilon.
   653 | D        | Noticed a yak
   654 | D        | Found an opulent altar of Gozag.
   655 | D        | Killed a yak
   656 | D        | Reached skill level 19 in Stealth
   656 | D        | Found a sparkling altar of Nemelex Xobeh.
   690 | D        | Found a burning altar of Makhleb.
   690 | D        | Found a shimmering altar of Xom.
   690 | D        | Noticed a slime creature
   691 | D        | Found a viscous altar of Jiyva.
   691 | D        | Found a corrupted altar of Lugonu.
   693 | D        | Killed a slime creature
   693 | D        | Reached *** piety under Trog
   694 | D        | Reached skill level 20 in Stealth
   694 | D        | Reached XP level 7. HP: 31/31 MP: 8/8
   702 | D        | Noticed a centaur warrior
   702 | D        | Noticed a centaur warrior
   703 | D        | Killed a centaur warrior
   704 | D        | Reached skill level 5 in Fighting
   704 | D        | Reached skill level 21 in Stealth
   704 | D        | Reached skill level 5 in Unarmed Combat
   704 | D        | Reached XP level 8. HP: 37/37 MP: 9/9
   704 | D        | Killed a centaur warrior
   705 | D        | Reached skill level 22 in Stealth
   714 | D        | Noticed a hornet
   717 | D        | Killed a hornet
   718 | D        | Reached XP level 9. HP: 43/43 MP: 10/10
   827 | D        | Noticed an oklob plant
   829 | D        | Killed an oklob plant
   829 | D        | Reached **** piety under Trog
   830 | D        | Reached skill level 10 in Dodging
   841 | D        | Reached skill level 23 in Stealth
   853 | D        | Noticed an unseen horror
   855 | D        | Noticed an unseen horror
   860 | D        | Killed an unseen horror
   862 | D        | Killed an unseen horror
   862 | D        | Reached ***** piety under Trog
  1272 | D        | Reached ****** piety under Trog
  1278 | D        | Reached XP level 10. HP: 49/49 MP: 11/11
  1350 | D        | Found Seokhlus's Antique Weapon Shoppe.
  1350 | D        | Found Pomnec's Antique Armour Shop.
  1350 | D        | Found Gain Ong's Distillery.
  1352 | D        | Found Miprach's Antique Weapon Emporium.
  1352 | D        | Found Caiqas's Assorted Antiques.
  1352 | D        | Found Purgh's Antique Weapon Shoppe.
  1352 | D        | Found Omixkoha's Antique Weapon Boutique.
  1352 | D        | Found Dubluer's Antique Armour Emporium.
  1352 | D        | Found Xaurgh's Weapon Shop.
  1352 | D        | Found Xeatuf's Book Shoppe.
  1354 | D        | Found Sauq's Antique Armour Boutique.
  1355 | D        | Found Jaoppuw's Magic Scroll Emporium.
  1355 | D        | Found Qinilaapu's Weapon Boutique.
  1356 | D        | Found Muocint's Antique Weapon Emporium.
  1422 | D        | Noticed a deep troll
  1424 | D        | Killed a deep troll
  1425 | D        | Reached skill level 10 in Fighting
  1425 | D        | Reached skill level 24 in Stealth
  1425 | D        | Reached skill level 10 in Unarmed Combat
  1436 | D        | Found Veywnep's Armour Emporium.
  1450 | D        | Noticed Sonja
  1453 | D        | Killed Sonja
  1469 | D        | Found Uskeunn's Antique Armour Boutique.
  1538 | D        | Noticed a gargoyle
  1542 | D        | Killed a gargoyle
  1543 | D        | Reached skill level 25 in Stealth
  1586 | D        | Noticed a lindwurm
  1588 | D        | Killed a lindwurm
  1605 | D        | Reached XP level 11. HP: 57/57 MP: 12/12
  1607 | D        | Reached skill level 15 in Dodging
  1978 | D        | Noticed a 12-headed hydra
  1980 | D        | Killed a 12-headed hydra
  2082 | D        | Noticed a daeva
  2112 | D        | Reached skill level 26 in Stealth
  2727 | D        | Noticed a fire giant
  2730 | D        | Noticed a fire giant
  2731 | D        | Noticed a fire giant
  2732 | D        | Noticed a fire giant
  2734 | D        | Killed a fire giant
  2760 | D        | Killed a fire giant
  2766 | D        | Killed a fire giant
  2767 | D        | Killed from afar by a fire giant
  2768 | D        | Reached XP level 10. HP: -2/55 MP: 11/11
  3015 | D        | Noticed a lorocyproca
  3031 | D        | Killed a lorocyproca
  3032 | D        | Reached XP level 11. HP: 43/59 MP: 2/12
  3106 | D        | Killed a fire giant
  3393 | D        | Paralysed by a hornet for 2 turns
  4109 | D        | Noticed a shining eye
  4109 | D        | Noticed a shining eye
  4109 | D        | Noticed a shining eye
  4110 | D        | Noticed a shining eye
  4110 | D        | Noticed a shining eye
  4110 | D        | Noticed a shining eye
  4111 | D        | Noticed a shining eye
  4111 | D        | Noticed a shining eye
  4112 | D        | Killed a shining eye
  4115 | D        | Reached skill level 27 in Stealth
  4116 | D        | Killed a shining eye
  4117 | D        | Gained mutation: Your body sometimes deteriorates upon
                  | taking damage. [a shining eye]
  4118 | D        | Gained mutation: You are clumsy. (Dex -2) [a shining eye]
  4119 | D        | Killed a shining eye
  4119 | D        | Lost mutation: Your body sometimes deteriorates upon taking
                  | damage. [a shining eye]
  4120 | D        | Gained mutation: You sometimes lose the ability to read
                  | scrolls when taking damage. [a shining eye]
  4122 | D        | Killed a shining eye
  4127 | D        | Killed a shining eye
  4131 | D        | Gained mutation: Your spells are a little easier to cast,
                  | but a little less powerful. [a shining eye]
  4131 | D        | Gained mutation: Your flesh is cold resistant. (rC+) [a
                  | shining eye]
  4134 | D        | Killed a shining eye
  4139 | D        | Gained mutation: You are weak. (Str -2) [a shining eye]
  4141 | D        | Gained mutation: You are partially covered in large bone
                  | plates. (SH +4) [a shining eye]
  4142 | D        | Killed a shining eye
  4148 | D        | Killed a shining eye
  4153 | D        | Found Ighuets's Book Shop.
  4153 | D        | Found Poatomp's Distillery.
  4153 | D        | Found Onott's Jewellery Boutique.
  4153 | D        | Found Zublul's Distillery.
  4161 | D        | Bought a ring of flight for 227 gold pieces
  4161 | D        | Bought a ring of protection from fire for 325 gold pieces
  4161 | D        | Bought a ring of poison resistance for 260 gold pieces
  4169 | D        | Bought a potion of mutation for 88 gold pieces
  4169 | D        | Bought a potion of mutation for 88 gold pieces
  4169 | D        | Bought 2 potions of mutation for 176 gold pieces
  4219 | D        | Got out of the dungeon alive.

Illustrated notes

Levels and vault maps discovered:
D:        dungeon_sprint_1 [red_sonja_temple_1, red_sonja_temple_small_1]

Skill      XL: |  1  2  3  4  5  6  7  8  9 10 11 |
---------------+----------------------------------+-----
Stealth        | 8 12 16 17 20 21 22 23 25 27 | 27.0
Fighting       | 5 7 9 11 14 | 14.8
Dodging        | 7 9 12 14 18 | 18.8
Unarmed Combat | 5 7 9 11 14 | 14.8

Action                   |  1- 3 |  4- 6 |  7- 9 | 10-12 || total
-------------------------+-------+-------+-------+-------++-------
Melee: Unarmed           |    10 |     4 |    42 |   120 ||   176
       Bite              |     1 |       |     4 |    19 ||    24
       Punch             |       |       |       |     9 ||     9
Invok: Berserk           |     1 |       |     1 |     1 ||     3
       Trog's Hand       |       |       |     1 |     5 ||     6
       Brothers in Arms  |       |       |       |     9 ||     9
Evoke: Wand              |       |       |       |     3 ||     3
  Use: Scroll            |       |       |     1 |       ||     1
       Potion            |       |       |       |     2 ||     2
 Stab: Sleeping          |     1 |     4 |    16 |    19 ||    40
Armor: Skin              |     1 |       |       |     3 ||     4
Dodge: Dodged            |     3 |       |    20 |   111 ||   134
